 Dungeon Crawl Stone Soup version 0.28.0-56-g4927b6849a (webtiles) character file.

Game seed: 331296224520590011

21 NotaViper the Skirmisher (level 2, 0/24 HPs)
             Began as a Demonspawn Abyssal Knight on Feb 7, 2023.
             Was a Follower of Lugonu.
             Slain by an adder (4 damage)
             ... on level 2 of the Dungeon.
             The game lasted 00:03:21 (878 turns).

NotaViper the Skirmisher (Demonspawn Abyssal Knight) Turns: 878, Time: 00:03:21

Health: 0/24       AC:  3    Str: 13    XL:     2   Next: 65%
Magic:  3/3        EV: 11    Int: 11    God:    Lugonu [*.....]
Gold:   53         SH:  0    Dex: 13    Spells: 1/1 levels left

rFire   . . .      SeeInvis .   a - +1 falchion
rCold   . . .      Faith    .   (no shield)
rNeg    . . .      Spirit   .   b - +0 leather armour
rPois   .          Reflect  .   (helmet restricted)
rElec   .          Harm     .   (no cloak)
rCorr   .          Rampage  .   (no gloves)
Will    .....                   (no boots)
Stlth   +.........              (no amulet)
HPRegen 0.08/turn               (no ring)
MPRegen 0.08/turn               (no ring)

@: lethally poisoned (0 -> -4)
A: antennae 1
a: Renounce Religion, Depart the Abyss


You were on level 2 of the Dungeon.
You worshipped Lugonu.
Lugonu was aware of your devotion.
You visited 1 branch of the dungeon, and saw 2 of its levels.
You visited the Abyss 1 time.

You collected 53 gold pieces.

Inventory:

Hand Weapons
 a - a +1 falchion (weapon)
 f - a +0 hand axe
 g - a +0 hunting sling
 i - a +0 whip
Missiles
 c - 20 stones
Armour
 b - a +0 leather armour (worn)
 d - a +0 helmet
Scrolls
 h - a scroll of identify {unknown}
 j - a scroll of enchant weapon {unknown}
Potions
 e - a potion of lignification {unknown}


   Skills:
 + Level 3.5 Fighting
 + Level 1.8 Long Blades
 + Level 2.1 Armour
 + Level 1.0 Dodging
 + Level 2.6 Invocations


You had one spell level left.
You didn't know any spells.
Your spell library was empty.

Dungeon Overview and Level Annotations

Branches:
Dungeon (2/15)

Altars:


Innate Abilities, Weirdness & Mutations

You have a pair of small antennae on your head.


Message History

Found a scroll labelled SAPHEO MEISI.
There is a stone staircase leading up here.
A bat comes into view.
You see here a scroll labelled SAPHEO MEISI.
j - a scroll labelled SAPHEO MEISI You barely miss the bat.
The bat hits you but does no damage. The bat closely misses you.
You hit the bat.
You kill the bat!
Lugonu accepts your kill.
Your Dodging skill increases to level 1!
Welcome back, NotaViper the Demonspawn Abyssal Knight.
Lugonu says: Spread carnage and corruption!
Press ? for a list of commands and other information.
An adder comes into view.
The adder bites you.
You are poisoned.
The adder poisons you!
You closely miss the adder. You punch the adder, but do no damage.
You feel sick. The adder bites you but does no damage.
You hit the adder.
The adder is lightly wounded.
You feel sick. The adder closely misses you. The adder bites you.
You closely miss the adder.
The adder is lightly wounded.
You feel sick. The adder bites you.
You are lethally poisoned!
The adder poisons you!
You hit the adder.
The adder is heavily wounded.
You feel sick. The adder closely misses you. x2
You closely miss the adder.
The adder is heavily wounded.
* * * LOW HITPOINT WARNING * * *
You feel sick. The adder barely misses you.
You barely miss the adder.
The adder is heavily wounded.
* * * LOW HITPOINT WARNING * * *
You feel sick. The adder closely misses you. The adder bites you.
You die...

.. ..# .# ..#
.## ..# #....
..## ####.#.#
... ....#.# #.#
#.#...#
####.####.###<#
#...@.........#
#.##S####.#####
#.# #.# ... ..#
..## #### ...
#... #...


You could see an adder.

Vanquished Creatures
  A dart slug (D:1)
  A bat (D:2)
  3 endoplasms (D:1)
  A giant cockroach (D:1)
  A hobgoblin (D:1)
  2 quokkas (D:1)
  2 ball pythons (D:1)
  5 frilled lizards (D:1)
  A goblin (D:1)
  2 kobolds (D:1)
  A rat (D:1)
20 creatures vanquished.

Notes
Turn   | Place    | Note
-------+----------+-------------------------------------------
     0 | Abyss:1  | NotaViper the Demonspawn Abyssal Knight began the quest for
                  | the Orb.
     0 | Abyss:1  | Reached XP level 1. HP: 18/18 MP: 2/2
    18 | D:1      | Escaped the Abyss
   276 | D:1      | Reached * piety under Lugonu
   314 | D:1      | Gained mutation: You have a pair of small antennae on your
                  | head. [demonic ancestry]
   314 | D:1      | Reached XP level 2. HP: 21/24 MP: 3/3
   869 | D:2      | Reached skill level 1 in Dodging
   878 | D:2      | Slain by an adder

Illustrated notes

Levels and vault maps discovered:
D:1:      pf_arrival_petrified_forest, layout_rooms, minmay_misc_feat_square,
          minmay_curled_crystal, minivault_5
D:2:      layout_loops_ring, minmay_3d_cube

Skill      XL: |  1  2 |
---------------+-------+-----
Armour         | 2 |  2.1
Dodging        | 1 |  1.0
Fighting       | |  3.5
Long Blades    | |  1.8
Invocations    | |  2.6

Action                   || total
-------------------------++-------
Melee: Falchion          ||    63
       Punch             ||     1
Invok: Depart the Abyss  ||     1
Armor: Leather armour    ||    10
Dodge: Dodged            ||    42
